 Dungeon Crawl Stone Soup version 0.29-a0-1009-g60c99734e7 (webtiles) character file.

Game seed: 7670250713416429469

1750 wingedge the Scholar of Death (level 9, -3/65 HPs)
             Began as a Human Wanderer on Aug 9, 2022.
             Was a Follower of Kikubaaqudgha.
             Slain by an orc warrior
             ... wielding a +0 war axe
              (11 damage)
             ... in a bailey.
             The game lasted 00:30:32 (7442 turns).

wingedge the Scholar of Death (Human Wanderer)      Turns: 7442, Time: 00:30:33

Health: -3/65      AC:  7    Str: 14    XL:     9   Next: 27%
Magic:  10/16      EV: 12    Int: 15    God:    Kikubaaqudgha [*.....]
Gold:   319        SH:  0    Dex: 13    Spells: 5/18 levels left

rFire   . . .      SeeInvis .   c - +2 hand axe (elec)
rCold   . . .      Faith    .   (no shield)
rNeg    . . .      Spirit   .   d - +0 leather armour
rPois   .          Reflect  .   n - +2 hat
rElec   .          Harm     .   p - +0 cloak {rCorr}
rCorr   +          Rampage  .   b - +0 pair of gloves
Will    .....                   (no boots)
Stlth   +.........              A - amulet of regeneration
HPRegen 1.00/turn               (no ring)
MPRegen 0.15/turn               (no ring)

@: marked, animating dead (expiring), hasted, very quick
A: no striking features
a: Renounce Religion, Unearth Wretches


You were in a bailey.
You worshipped Kikubaaqudgha.
Kikubaaqudgha was aware of your devotion.
You visited 2 branches of the dungeon, and saw 8 of its levels.
You also visited: Bailey.

You collected 319 gold pieces.

Inventory:

Hand Weapons
 a - a +0 war axe
 c - a +2 hand axe of electrocution (weapon)
 e - a +0 broad axe
 x - a +0 mace
 D - a +0 shortbow
 I - a +2 hand axe of freezing
 K - a +0 broad axe
Missiles
 i - 13 boomerangs (quivered)
Armour
 b - a +0 pair of gloves (worn)
 d - a +0 leather armour (worn)
 h - a +0 ring mail
 n - a +2 hat (worn)
 p - a +0 cloak of preservation (worn)
 s - a +0 helmet
Magical Staves
 L - a staff of earth
Jewellery
 w - a ring of fire
 A - an amulet of regeneration (around neck)
Wands
 l - a wand of quicksilver (2)
 H - a wand of charming (5)
Scrolls
 f - 3 scrolls of teleportation
 g - 2 scrolls of amnesia
 j - a scroll of acquirement
 k - 2 scrolls of magic mapping
 m - a scroll of torment {unknown}
 o - 2 scrolls of noise {unknown}
 r - 3 scrolls of butterflies
 t - a scroll of summoning {unknown}
 v - a scroll of enchant armour {unknown}
 y - a scroll of blinking {unknown}
 z - a scroll of immolation {unknown}
 G - a scroll of fear {unknown}
 J - a scroll of enchant weapon {unknown}
Potions
 q - a potion of lignification
 u - a potion of resistance
 C - a potion of flight
 E - a potion of invisibility {unknown}
 F - a potion of magic {unknown}


   Skills:
 + Level 4.0 Fighting
 + Level 4.5(5.0) Axes
 - Level 3.0(4.2) Maces & Flails
 - Level 1.0 Throwing
 - Level 3.0 Armour
 - Level 3.0 Dodging
 + Level 5.0 Spellcasting
 - Level 2.0 Hexes
 - Level 6.0 Necromancy
 - Level 2.0 Translocations
 + Level 0.0 Earth Magic


You had 5 spell levels left.
You knew the following spells:

 Your Spells              Type           Power      Damage    Failure   Level
a - Necrotise             Necr           84%        1d8       1%          1
b - Vampiric Draining     Necr           21%        2d7       4%          3
c - Animate Dead          Necr           21%        N/A       17%         4
d - Blink                 Tloc           18%        N/A       13%         2
e - Lesser Beckoning      Tloc           9%         N/A       26%         3

Your spell library contained the following spells:

 Spells                   Type           Power      Damage    Failure   Level
 Slow                     Hex            36%        N/A       9%          1
 Freeze                   Ice            12%        1d4       21%         1
 Ensorcelled Hibernation  Hex/Ice        12%        N/A       21%         2
 Confusing Touch          Hex            9%         N/A       26%         3
 Gell's Gravitas          Tloc           9%         N/A       26%         3
 Teleport Other           Tloc           9%         N/A       26%         3
 Passwall                 Tmut/Erth      2%         N/A       30%         2
 Anguish                  Hex/Necr       7%         N/A       36%         4
 Frozen Ramparts          Ice            6%         1d1       52%         3
 Swiftness                Air            3%         N/A       52%         3
 Borgnjor's Vile Clutch   Necr/Erth      6%         N/A       85%         5
 Hailstorm                Conj/Ice       3%         3d3       89%         4
 Manifold Assault         Tloc           9%         N/A       94%         5
 Summon Mana Viper        Hex/Summ       6%         N/A       98%         5
 Death Channel            Necr           10%        N/A       95%         6
 Dispersal                Tloc           4%         N/A       100%        6
 Malign Gateway           Summ/Tloc      3%         N/A       100%        7
 Summon Horrible Things   Summ           1%         N/A       100%        8


Dungeon Overview and Level Annotations

Branches:
Dungeon (7/15)             Temple (1/1) D:5          Bailey (1/1)

Altars:
Ashenzari
Cheibriados
Dithmenos
Elyvilon
Fedhas
Gozag
Hepliaklqana
Kikubaaqudgha
Makhleb
Okawaru
Trog
Uskayaw
Vehumet
Wu Jian
Xom
Yredelemnul
Zin

Shops:
D:4 :


Message History

You completely miss the kobold. The kobold hits you but does no damage.
You slash the kobold!
You kill the kobold!
Kikubaaqudgha accepts your kill.
The dead are walking!
Your reaping aura is weakening.
The orc warrior hits your kobold zombie with a +0 broad axe!
Your kobold zombie is destroyed!
You hit the goblin. Lightning courses through the goblin!
You kill the goblin!
Kikubaaqudgha accepts your kill.
The dead are walking!
The orc warrior hits you with a +0 broad axe!
The orc warrior hits your goblin zombie with a +0 broad axe.
Your orc zombie hits the orc warrior but does no damage.
You completely miss the orc warrior.
You hit the orc warrior but do no damage.
The orc warrior hits you with a +0 war axe.
The orc warrior hits your orc zombie with a +0 war axe!
The orc warrior hits your goblin zombie with a +0 war axe!
Your goblin zombie is destroyed!
The orc warrior closely misses you.
Your orc zombie hits the orc warrior but does no damage.
You barely miss the orc warrior.
You hit the orc warrior but do no damage.
You hit the orc warrior.
Lightning courses through the orc warrior!
The orc warrior hits you with a +0 war axe.
The orc warrior hits you with a +0 war axe!
The orc warrior hits your orc zombie with a +0 war axe!
Your orc zombie is destroyed!
The orc warrior hits you with a +0 broad axe!
* * * LOW HITPOINT WARNING * * *
Okay, then.
You feel yourself speed up.
The orc warrior hits you with a +0 war axe!
* * * LOW HITPOINT WARNING * * *
The orc warrior hits you with a +0 war axe!
You die...
Kikubaaqudgha rasps: "You have failed me!
Welcome... death!"

##..∩......####
##.......(.....####
#~≈≈≈≈≈≈≈≈........###
#≈≈≈≈≈≈≈≈≈≈≈≈≈~.......##
###≈≈≈≈#########≈≈≈≈~..(...#
####≈≈≈≈≈Z#...[..o#∩≈≈≈≈≈≈[....
###≈≈≈≈≈≈## #.......####.≈≈~≈≈≈≈≈
≈≈≈≈≈≈≈~.#..####'####..#.....≈≈≈≈
≈≈≈≈≈..# #.....o@oZ.ZZ.#'#......#
≈≈≈≈...# '..####o####..#.#.....##
#....# .... #..###....... #...#
#...... #Z.#....⌠....
##..######.......##Z#.........
#..o....#########†.Z).......#
##............).†........####
###########.############# ...#


You could see 3 orc warriors, 2 friendly gnoll zombies and a friendly orc
warrior zombie.

Vanquished Creatures
  A water moccasin (D:6)
  An orc warrior (Bailey)
  A black bear (D:4)
  An ogre (D:6)
  2 centaurs (D:5)
  A bullfrog (D:7)
  A scorpion (D:6)
  9 wights
  4 hounds
  3 orc priests
  3 iguanas
  3 orc wizards
  9 adders
  6 gnolls
  A white imp (D:6)
  An ufetubus (D:6)
  2 dart slugs
  17 orcs
  2 bats (D:3)
  11 endoplasms
  12 giant cockroaches
  11 goblins
  4 hobgoblins
  2 jackals (D:2)
  3 quokkas
  4 ball pythons
  3 frilled lizards
  22 kobolds
  5 rats
145 creatures vanquished.

Vanquished Creatures (collateral kills)
  An orc (D:4)
  A giant cockroach (D:3)
  A kobold (Bailey)
3 creatures vanquished.

Vanquished Creatures (others)
  An orc warrior (Bailey)
  An ogre zombie (D:6)
  An adder zombie (D:6)
  A goblin zombie (Bailey)
  4 kobold zombies (Bailey)
  7 orc zombies
15 creatures vanquished.

Grand Total: 163 creatures vanquished

Notes
Turn   | Place    | Note
-------+----------+-------------------------------------------
     0 | D:1      | wingedge the Human Wanderer began the quest for the Orb.
     0 | D:1      | wingedge set off with the following items: a +0 mace, a +0
                  | pair of gloves, a potion of curing, a +0 leather armour;
                  | and the following spell memorised: Necrotise; and the
                  | following spells available to memorise: Vampiric Draining,
                  | Animate Dead.
     0 | D:1      | Reached XP level 1. HP: 13/13 MP: 2/2
   103 | D:1      | Reached skill level 1 in Fighting
   234 | D:1      | Reached XP level 2. HP: 21/21 MP: 0/3
   268 | D:1      | Found a faded altar of an unknown god.
  1011 | D:1      | Reached skill level 3 in Necromancy
  1011 | D:1      | Reached XP level 3. HP: 26/26 MP: 1/4
  1320 | D:2      | HP: 1/26 [poisoned by an adder]
  1934 | D:2      | Reached XP level 4. HP: 32/32 MP: 4/7
  2084 | D:2      | Found a white marble altar of Elyvilon.
  2508 | D:3      | Reached XP level 5. HP: 12/39 MP: 1/8
  3435 | D:3      | Found an iron altar of Okawaru.
  3673 | D:3      | Learned a level 3 spell: Vampiric Draining
  3726 | D:3      | Reached XP level 6. HP: 33/47 MP: 2/10
  3866 | D:3      | Found a burning altar of Makhleb.
  4355 | D:4      | Found Okibbain's Book Boutique.
  4370 | D:4      | Reached skill level 1 in Axes
  4382 | D:4      | HP: 3/70 [endoplasm (2)]
  4721 | D:4      | Noticed a black bear
  4730 | D:4      | Killed a black bear
  4731 | D:4      | Reached skill level 4 in Necromancy
  4731 | D:4      | Reached XP level 7. HP: 36/52 MP: 7/11
  5130 | D:5      | Entered Level 5 of the Dungeon
  5133 | D:5      | Found a staircase to the Ecumenical Temple.
  5142 | Temple   | Entered the Ecumenical Temple
  5182 | Temple   | Became a worshipper of Kikubaaqudgha
  5419 | D:5      | Reached skill level 5 in Necromancy
  5729 | D:5      | Learned a level 4 spell: Animate Dead
  6183 | D:5      | Reached XP level 8. HP: 56/58 MP: 1/14
  6446 | D:6      | Learned a level 2 spell: Blink
  6527 | D:6      | Learned a level 3 spell: Lesser Beckoning
  6608 | D:6      | Reached skill level 1 in Translocations
  6732 | D:6      | Reached * piety under Kikubaaqudgha
  6732 | D:6      | Received a gift from Kikubaaqudgha
  6834 | D:6      | Reached skill level 5 in Spellcasting
  6834 | D:6      | Reached skill level 1 in Hexes
  6898 | D:6      | Identified 2 scrolls of acquirement
  6899 | D:6      | Acquired a +0 cloak of preservation
  7204 | D:7      | Got the Guide on the Entourage
  7208 | D:7      | Reached XP level 9. HP: 64/64 MP: 6/16
  7211 | D:7      | Found a flagged portal.
  7274 | Bailey   | Entered a bailey
  7354 | Bailey   | Noticed an orc knight
  7361 | Bailey   | Identified the +13 plate armour "Tapa" {Harm rF- rN+++
                  | Stlth+}
  7428 | Bailey   | Reached skill level 6 in Necromancy
  7442 | Bailey   | Slain by an orc warrior

Illustrated notes

Levels and vault maps discovered:
D:1:      psy_arrival_spokes, layout_loops_corners,
          hellmonk_ecumenical_altar_inner_sanctum, minmay_fountain_box,
          minmay_stone_trees_small
D:2:      layout_loops_ring, basic_altar, minmay_diced_spiral
D:3:      minmay_roachtagon, layout_basic, lightli_temple_of_fire,
          okawaru_metal_pillars_1_2, serial_rivers,
          chequers_serial_rivers_small_a, chequers_serial_rivers_room_b,
          chequers_serial_rivers_room_a, chequers_serial_rivers_small_b
D:4:      layout_gridville, serial_shops, nicolae_stop_n_shop_1
D:5:      layout_loops_ring, minmay_temple_entry_mist
D:6:      layout_basic
D:7:      layout_layer_cave, enter_bailey_5, hangedman_abyss_or_decor_stagger,
          kennysheep_generic_room_16, uniq_menkaure
Temple:   nicolae_temple_bog_church
Bailey:   bailey_axe_4, bailey

Skill      XL: |  1  2  3  4  5  6  7  8  9 |
---------------+----------------------------+-----
Fighting       | 1 2 3 4 |  4.0
Necromancy     | 3 4 5 6 |  6.0
Spellcasting   | 2 3 4 5 |  5.0
Armour         | 2 3 |  3.0
Axes           | 2 3 4 |  4.5
Translocations | 2 |  2.0
Hexes          | 2 |  2.0
Dodging        | 3 |  3.0
Maces & Flails | |  3.0
Throwing       | |  1.0

Action                   |  1- 3 |  4- 6 |  7- 9 || total
-------------------------+-------+-------+-------++-------
Melee: Mace              |    67 |    36 |       ||   103
       Punch             |     1 |     1 |     1 ||     3
       War axe           |       |    34 |       ||    34
       Hand axe          |       |     8 |    95 ||   103
Throw: Boomerang         |     9 |    10 |     5 ||    24
 Cast: Necrotise         |    27 |    76 |    33 ||   136
       Vampiric Draining |       |     3 |    35 ||    38
       Animate Dead      |       |       |     3 ||     3
Invok: Unearth Wretches  |       |       |     1 ||     1
Evoke: Wand              |     3 |     4 |     9 ||    16
  Use: Scroll            |     1 |     1 |     8 ||    10
       Potion            |       |     3 |     3 ||     6
 Stab: Paralysed         |       |       |     3 ||     3
Armor: Leather armour    |    32 |    48 |    36 ||   116
       Skin              |       |    12 |    20 ||    32
Dodge: Dodged            |    37 |    58 |    72 ||   167

Table legend: (Time is in decaauts)
 A = Elapsed time spent in this place.
 B = Non-inter-level travel time spent in this place.
 C = Inter-level travel time spent in this place.
 D = Time resting spent in this place.
 E = Time spent auto-exploring this place.
 F = Levels seen in this place.
 G = Mean time per level.
                   A        B        C        D        E       F      G
               +--------+--------+--------+--------+--------+-----+--------+
         Total |   7516 |   7303 |    213 |   1684 |   4004 |   9 |  835.1 |
       Dungeon |   7103 |   6934 |    169 |   1684 |   3790 |   7 | 1014.7 |
        Temple |    241 |    197 |     44 |      0 |    186 |   1 |  241.0 |
        Bailey |    171 |    171 |      0 |      0 |     28 |   1 |  171.0 |
               +--------+--------+--------+--------+--------+-----+--------+

Top non-repeatable levels by time:
     D:3: 1608 daAuts
     D:2: 1253 daAuts
     D:1: 1200 daAuts
     D:4: 1115 daAuts
     D:5: 1076 daAuts
     D:6: 738 daAuts
  Temple: 241 daAuts
  Bailey: 171 daAuts
     D:7: 109 daAuts
